 Dungeon Crawl Stone Soup version 0.24.0-13-gcf9b319 (webtiles) character file.

Game seed: 4564337168873050195, levelgen mode: deterministic

105 Bronimir the Firebug (level 4, -2/41 HPs)
             Began as an Ogre Fire Elementalist on Mar 11, 2020.
             Was a Follower of Nemelex Xobeh.
             Slain by an ogre
             ... wielding a +0 giant club
              (8 damage)
             ... on level 4 of the Dungeon on Mar 12, 2020.
             The game lasted 00:07:06 (2363 turns).

Bronimir the Firebug (Ogre Fire Elementalist)       Turns: 2363, Time: 00:07:07

Health: -2/41      AC:  3    Str: 12    XL:     4   Next: 81%
Magic:  3/8        EV: 10    Int: 17    God:    Nemelex Xobeh [*.....]
Gold:   76         SH:  0    Dex:  9    Spells: 2/8 levels left

rFire    . . .     SeeInvis .   a - +0 war axe
rCold    . . .     Gourm    .   (no shield)
rNeg     . . .     Faith    .   m - +0 robe
rPois    .         Spirit   .   (helmet restricted)
rElec    .         Reflect  .   (no cloak)
rCorr    .         Harm     .   (gloves unavailable)
MR       .....                  (boots unavailable)
Stlth    ++........             (no amulet)
HPRegen  0.13/turn              (no ring)
MPRegen  0.11/turn              (no ring)

@: very slightly contaminated
A: large, unfitting armour, tough skin 1
a: Draw Escape, Draw Destruction, Draw Summoning, Renounce Religion


You were on level 4 of the Dungeon.
You worshipped Nemelex Xobeh.
Nemelex Xobeh was aware of your devotion.
You were hungry.

You visited 1 branch of the dungeon, and saw 4 of its levels.

You collected 76 gold pieces.

Inventory:

Hand Weapons
 a - a +0 war axe (weapon)
 d - a +0 club
Missiles
 e - 38 stones (quivered)
 l - 20 bolts
Armour
 m - a +0 robe (worn)
Scrolls
 h - a scroll of remove curse {unknown}
 i - a scroll of noise {unknown}
 j - 2 scrolls of enchant armour {unknown}
 k - 3 scrolls of identify {unknown}
 o - a scroll of teleportation {unknown}
Potions
 b - a potion of cancellation {unknown}
 f - a potion of heal wounds {unknown}
 g - a potion of brilliance {unknown}
 n - a potion of berserk rage {unknown}
Comestibles
 c - 4 rations


   Skills:
 + Level 1.0 Fighting
 + Level 0.3(0.4) Maces & Flails
 * Level 2.3 Dodging
 + Level 1.7 Stealth
 + Level 2.9 Spellcasting
 * Level 1.8 Conjurations
 + Level 3.3 Fire Magic
 * Level 1.2 Invocations


You had 2 spell levels left.
You knew the following spells:

 Your Spells              Type           Power        Failure   Level  Hunger
a - Flame Tongue          Conj/Fire      ##...        6%          1    None
b - Throw Flame           Conj/Fire      ##....       9%          2    ##.....
c - Conjure Flame         Conj/Fire      ##......     19%         3    ###....

Your spell library contained the following spells:

 Spells                   Type           Power        Failure   Level  Hunger
 Inner Flame              Hex/Fire       #.......     26%         3    ###....
 Sticky Flame             Conj/Fire      ##......     52%         4    ####...
 Fireball                 Conj/Fire      ##........   86%         5    ######.


Dungeon Overview and Level Annotations

Branches:
Dungeon (4/15)
 Temple: D:4-7

Altars:
Nemelex Xobeh
Qazlal


Innate Abilities, Weirdness & Mutations

You are too large for most types of armour.
You have tough skin. (AC +1)


Message History

The ogre is severely wounded.
The ogre hits you with a +0 giant club!
* * * LOW HITPOINT WARNING * * *
Casting: Flame Tongue (safe; 6% risk of failure)
Confirm with . or Enter, or press ? or * to list all spells.
Aiming: Flame Tongue (safe; 6% risk of failure)
Press: ? - help, Shift-Dir - straight line, f/p - ogre
Aim: an ogre, wielding a +0 giant club (severely wounded)
The flame tongue hits the ogre.
The ogre is severely wounded.
Casting: Flame Tongue (safe; 6% risk of failure)
Confirm with . or Enter, or press ? or * to list all spells.
Aiming: Flame Tongue (safe; 6% risk of failure)
Press: ? - help, Shift-Dir - straight line, f/p - ogre
Aim: an ogre, wielding a +0 giant club (severely wounded)
You miscast Flame Tongue.
You are very lightly contaminated with residual magic.
Nothing appears to happen.
The ogre hits you with a +0 giant club!
You die...
Your body disappears without a glow.

# ##'## #.
##...##
#.###.....##
#..........##
###.........#
+.........+
#.........#
##.......##
##...@.##
#######.O.##
#......##.##
#.######...## ..
#.# ##.....## .#
#.# #......O###
O#
#.##....._.....#
.#
#.##.#.......#.#
.#
#.##.##.....##.#
.#


You could see an ogre.

Vanquished Creatures
  A howler monkey (D:4)
  A hound skeleton (D:4)
  2 adders (D:3)
  An adder skeleton (D:4)
  3 leopard geckos (D:3)
  3 bats
  2 giant cockroaches (D:1)
  5 goblins
  3 hobgoblins
  A quokka (D:4)
  3 frilled lizards
  4 kobolds (D:1)
  A quokka skeleton (D:4)
  2 rats (D:1)
32 creatures vanquished.

Notes
Turn   | Place    | Note
-------+----------+-------------------------------------------
     0 | D:1      | Bronimir the Ogre Fire Elementalist began the quest for the
                  | Orb.
     0 | D:1      | Reached XP level 1. HP: 16/16 MP: 3/3
   136 | D:1      | Found a sparkling altar of Nemelex Xobeh.
   163 | D:1      | Became a worshipper of Nemelex Xobeh the Trickster
   171 | D:1      | Reached XP level 2. HP: 24/24 MP: 3/5
   221 | D:1      | Reached skill level 1 in Conjurations
   294 | D:1      | Reached skill level 3 in Fire Magic
   564 | D:1      | Received a gift from Nemelex Xobeh
   924 | D:2      | HP: 1/24 [quokka (4)]
   926 | D:2      | You fall into a shaft and drop 1 floor!
  1203 | D:3      | Reached XP level 3. HP: 26/31 MP: 2/7
  1207 | D:3      | Learned a level 2 spell: Throw Flame
  1211 | D:3      | Learned a level 3 spell: Conjure Flame
  1314 | D:3      | Reached * piety under Nemelex Xobeh
  1899 | D:4      | Found a stormy altar of Qazlal.
  1937 | D:4      | Reached XP level 4. HP: 28/40 MP: 8/8
  1943 | D:4      | Reached skill level 1 in Fighting
  1943 | D:4      | Reached skill level 1 in Invocations
  2274 | D:4      | Noticed an ogre
  2363 | D:4      | Slain by an ogre

Levels and vault maps discovered:
D:1:      scummos_arrival_simple_fountains, layout_rooms, nemelex_altar_shiori
D:2:      layout_basic, first_ration, uniq_robin
D:3:      layout_loops_cross
D:4:      layout_loops_corners, kennysheep_mini_moat, lemuel_round_altar,
          ebering_ghost_reflecting_pool, hangedman_glass_garden, st_stairs_9

Skill      XL: |  1  2  3  4 |
---------------+-------------+-----
Conjurations   | 1 |  1.8
Fire Magic     | 3 |  3.3
Dodging        | 2 |  2.3
Fighting       | 1 |  1.0
Invocations    | 1 |  1.2
Maces & Flails | |  0.3
Stealth        | |  1.7
Spellcasting   | |  2.9

Action                   |  1- 3 |  4- 6 || total
-------------------------+-------+-------++-------
Melee: Unarmed           |     6 |       ||     6
       Club              |    47 |       ||    47
       War axe           |     6 |     9 ||    15
 Cast: Flame Tongue      |    32 |    20 ||    52
       Conjure Flame     |       |     1 ||     1
 Abil: Draw Destruction  |     2 |       ||     2
       Draw Escape       |     1 |       ||     1
 Stab: Sleeping          |     1 |       ||     1
  Eat: Chunk             |     3 |     1 ||     4
Armor: Robe              |    36 |     6 ||    42
Dodge: Dodged            |    48 |    21 ||    69
